 Dungeon Crawl Stone Soup version 0.30-a0-883-g5ad918d (webtiles) character file.

Game seed: 12110995550413149079

223 Nithhogg the Chopper (level 6, -1/55 HPs)
             Began as a Hill Orc Fighter on Mar 15, 2023.
             Was an Initiate of the Shining One.
             Slain by a gnoll
             ... wielding a +4 halberd
             ... led by a gnoll bouda
              (16 damage)
             ... on level 4 of the Dungeon.
             The game lasted 00:08:12 (3472 turns).

Nithhogg the Chopper (Hill Orc Fighter)             Turns: 3472, Time: 00:08:13

Health: -1/55      AC:  9    Str: 21    XL:     6   Next: 0%
Magic:  7/7        EV:  7    Int:  8    God:    the Shining One [......]
Gold:   142        SH:  0    Dex: 10    Spells: 5/5 levels left

rFire   + . .      SeeInvis .    a - +0 war axe
rCold   + . .      Faith    .    (no shield)
rNeg    . . .      Spirit   .    i - +0 chain mail {rF+}
rPois   .          Reflect  .    (no helmet)
rElec   .          Rampage  .    (no cloak)
rCorr   .                        (no gloves)
Will    .....                    (no boots) Stlth
                                 (no amulet)
HPRegen 0.29/turn                g - ring of protection from cold
MPRegen 0.10/turn                (no ring)

@: mighty, glowing
A: no striking features
a: Renounce Religion


You were on level 4 of the Dungeon.
You worshipped the Shining One.
The Shining One was noncommittal.
You visited 2 branches of the dungeon, and saw 5 of its levels.

You collected 154 gold pieces.
You donated 12 gold pieces to Zin.

Inventory:

Hand Weapons
 a - a +0 war axe (weapon)
Missiles
 j - a throwing net (quivered)
Armour
 b - a +0 scale mail
 c - a +0 buckler
 i - a +0 chain mail of fire resistance (worn)
Jewellery
 g - a ring of protection from cold (left hand)
 n - a ring of wizardry
Wands
 x - a wand of iceblast (13)
Scrolls
 f - 8 scrolls of identify
 h - 2 scrolls of blinking
 k - a scroll of silence {unknown}
 o - a scroll of magic mapping {unknown}
 p - a scroll of enchant weapon {unknown}
 t - a scroll of summoning {unknown}
 v - a scroll of fear {unknown}
 w - 3 scrolls of poison {unknown}
Potions
 e - 3 potions of heal wounds
 l - 2 potions of attraction {unknown}
 m - a potion of lignification {unknown}
 q - a potion of mutation {unknown}
 r - a potion of flight {unknown}
 s - 5 potions of curing {unknown}
 u - a potion of degeneration {unknown}


   Skills:
 + Level 4.9 Fighting
 * Level 5.7 Axes
 + Level 4.4 Armour
 - Level 3.2 Shields
 + Level 1.6 Invocations


You had 5 spell levels left.
You didn't know any spells.
Your spell library contained the following spells:

 Spells                   Type           Power      Damage    Failure   Level
 Call Canine Familiar     Summ           0%         N/A       100%        3
 Gell's Gravitas          Tloc           0%         N/A       100%        3
 Portal Projectile        Hex/Tloc       0%         N/A       100%        3
 Teleport Other           Tloc           0%         N/A       100%        3
 Anguish                  Hex/Necr       0%         N/A       100%        4
 Dispel Undead            Necr           0%         3d6       100%        4
 Leda's Liquefaction      Hex/Erth       0%         N/A       100%        4
 Borgnjor's Vile Clutch   Necr/Erth      0%         N/A       100%        5
 Dispersal                Tloc           0%         N/A       100%        6


Dungeon Overview and Level Annotations

Branches:
Dungeon (4/15)             Temple (1/1) D:4

Altars:
Ashenzari
Cheibriados
Dithmenos
Elyvilon
Fedhas
Gozag
Hepliaklqana
Kikubaaqudgha
Makhleb
Okawaru
Qazlal
Ru
Sif Muna
Uskayaw
Vehumet
Wu Jian
Zin
The Shining One

Shops:
D:2 =


Message History

The gnoll hits you but does no damage.
You closely miss the gnoll.
The gnoll is almost dead.
The gnoll hits you but does no damage. x2
The gnoll barely misses you. The gnoll hits you but does no damage.
You completely miss the gnoll.
The gnoll is almost dead.
The gnoll hits you with a +0 whip.
The gnoll hits you from afar with a +0 spear.
* * * LOW HITPOINT WARNING * * *
You completely miss the gnoll.
The gnoll is almost dead.
The gnoll is no longer moving quickly. x2
The gnoll hits you from afar with a +0 spear.
* * * LOW HITPOINT WARNING * * *
The gnoll hits you with a +0 whip.
* * * LOW HITPOINT WARNING * * *
The gnoll bouda gazes fiercely through you!
You feel your attacks grow feeble.
You feel much better.
The gnoll hits you but does no damage. x2
You hit the gnoll.
You kill the gnoll!
The gnoll hits you from afar with a +0 spear.
The gnoll hits you with a +0 spear.
The gnoll hits you from afar with a +4 halberd.
The gnoll bouda barks out a call to the hunt!
The gnolls pick up the pace!
You see here a +0 whip.
You slice the gnoll!!
You kill the gnoll!
Your attacks no longer feel as feeble.
The gnoll barely misses you.
You have reached level 6!
You slice the gnoll bouda!!
You kill the gnoll bouda!
The Shining One accepts your kill.
The gnoll hits you from afar with a +4 halberd!
* * * LOW HITPOINT WARNING * * *
The gnoll hits you from afar with a +4 halberd!
You die...

#..≈..$..§.§.#####.#
######.##.#
...≈§≈≈.§≈.≈...# #.#
#.##.# ...≈.≈..§§§≈...#
#.# ######.##.#
...≈.≈._§≈.≈...# #.#
#.........#
#..≈.§...§.§...# .#
#.#####...#
#..≈.≈≈§§≈.≈...###.####
#...#...#
#..≈.......≈...g.#....
#...#...#
#..≈≈≈≈≈≈.≈≈.###)#...#
#...#...#
#..............#@#...#
#...###.#
#...######.....#.#...#
#...# #.# #####
##......#...####...# #.#
##..........##.....###.#
#..##.##....##.........#
###...#.#[....##...##.####
#...#.....#...##...##.#
#...##...##...##......###
#......_......##.........


You could see a gnoll (swift).

Vanquished Creatures
  A scorpion (D:4)
  A hound (D:4)
  A gnoll bouda (D:4)
  4 adders (D:2)
  2 gnolls (D:4)
  An ufetubus (D:4)
  2 worms
  3 dart slugs
  An orc (D:3)
  7 endoplasms
  2 giant cockroaches (D:1)
  4 hobgoblins
  2 jackals (D:2)
  3 quokkas
  10 ball pythons
  4 bats (D:2)
  2 frilled lizards
  7 goblins
  7 kobolds
  4 rats
68 creatures vanquished.

Vanquished Creatures (others)
  5 plants (D:4)
5 creatures vanquished.

Grand Total: 73 creatures vanquished

Notes
Turn   | Place    | Note
-------+----------+-------------------------------------------
     0 | D:1      | Nithhogg the Hill Orc Fighter began the quest for the Orb.
     0 | D:1      | Reached XP level 1. HP: 19/19 MP: 1/1
    11 | D:1      | Got the Handbook of Diablerie
    83 | D:1      | Reached skill level 3 in Axes
   128 | D:1      | Reached XP level 2. HP: 27/27 MP: 2/2
   356 | D:1      | Reached XP level 3. HP: 30/33 MP: 3/3
   825 | D:2      | Found Ighaxtif's Jewellery Boutique.
   929 | D:2      | Reached skill level 4 in Axes
  1397 | D:2      | Reached XP level 4. HP: 37/40 MP: 4/4
  1970 | D:3      | Found an ornate altar of the Wu Jian Council.
  2320 | D:3      | Found a glowing silver altar of Zin.
  2334 | D:3      | Became a worshipper of Zin the Law-Giver
  2388 | D:3      | Reached * piety under Zin
  2622 | D:3      | Found a faded altar of an unknown god.
  2686 | D:4      | Found an iron altar of Okawaru.
  2705 | D:4      | Reached skill level 5 in Axes
  2705 | D:4      | Reached XP level 5. HP: 35/47 MP: 5/5
  2873 | D:4      | Reached skill level 1 in Invocations
  2929 | D:4      | Found a staircase to the Ecumenical Temple.
  2941 | Temple   | Entered the Ecumenical Temple
  3095 | Temple   | Fell from the grace of Zin
  3095 | Temple   | Became a worshipper of the Shining One
  3144 | D:4      | Found a shadowy altar of Dithmenos.
  3403 | D:4      | Found a hazy altar of Hepliaklqana.
  3472 | D:4      | Reached XP level 6. HP: 22/55 MP: 7/7
  3472 | D:4      | Slain by a gnoll

Illustrated notes

Levels and vault maps discovered:
D:1:      psy_arrival_fountain, layout_basic
D:2:      kb_forest_paths, layout_basic, serial_rivers,
          chequers_serial_rivers_micro_e, chequers_serial_rivers_room_a,
          chequers_serial_rivers_marsh, chequers_serial_rivers_micro_a,
          chequers_serial_rivers_micro_d, serial_shops, nicolae_diamond_shop,
          minivault_24
D:3:      layout_basic, grunt_temple_overflow_open,
          hellmonk_ecumenical_altar_run_dry
D:4:      layout_basic, mainiacjoe_overflow_small_starburst, okawaru_trees_2,
          mainiacjoe_overflow_concentric_impassable,
          minmay_temple_entry_gardened_gates
Temple:   hellmonk_temple_forest_ring

Skill      XL: |  1  2  3  4  5 |
---------------+----------------+-----
Axes           | 3 4 5 |  5.7
Fighting       | 4 |  4.9
Armour         | 4 |  4.4
Invocations    | 1 |  1.6
Shields        | |  3.2

Action                     |  1- 3 |  4- 6 || total
---------------------------+-------+-------++-------
  Melee: War axe           |   107 |   103 ||   210
         Punch             |     1 |       ||     1
    Use: Scroll            |     1 |     7 ||     8
         Potion            |       |     3 ||     3
 Armour: Scale mail        |    48 |    30 ||    78
         Chain mail        |       |    46 ||    46
  Dodge: Dodged            |    58 |    42 ||   100

Table legend: (Time is in decaauts)
 A = Elapsed time spent in this place.
 B = Non-inter-level travel time spent in this place.
 C = Inter-level travel time spent in this place.
 D = Time resting spent in this place.
 E = Time spent auto-exploring this place.
 F = Levels seen in this place.
 G = Mean time per level.
                   A        B        C        D        E       F      G
               +--------+--------+--------+--------+--------+-----+--------+
         Total |   3535 |   3464 |     71 |    102 |   2726 |   5 |  707.0 |
       Dungeon |   3374 |   3304 |     70 |    102 |   2603 |   4 |  843.5 |
        Temple |    161 |    160 |      1 |      0 |    123 |   1 |  161.0 |
               +--------+--------+--------+--------+--------+-----+--------+

Top non-repeatable levels by time:
     D:2: 1117 daAuts
     D:1: 833 daAuts
     D:3: 786 daAuts
     D:4: 637 daAuts
  Temple: 161 daAuts
